Map: Galactic Process LE

Players

Alice - Winner!

  • Race: Terran Terran
  • League: Gold
  • Spawn Location: 7:00

Fropez

  • Race: Protoss Protoss
  • League: Gold
  • Spawn Location: 1:00

VOD

Have the link to the VOD?

Description

Time

  • Played on: July 19, 2016, 5:49 p.m.
  • Length: 15:10
Show
View Real Time Build Order
Export as new Build Order

Alice Terran - Winner!

Build Orders: Command Center First (CC) 

Get SALT Encoding   

  12  0:00  SCV  
  13  0:17  Supply Depot  
  13  0:18  SCV  
  14  0:30  SCV  
  15  0:42  SCV  
  16  0:54  SCV  
  17  1:05  Command Center  
  17  1:07  SCV  
  18  1:19  SCV  
  19  1:26  Barracks  
  19  1:32  SCV  
  19  1:38  Barracks  
  19  1:52  Barracks  
  19  1:53  SCV  
  20  2:05  SCV  
  21  2:16  Marine  
  21  2:18  Orbital Command x2  
  22  2:24  Refinery  
  22  2:27  Refinery  
  22  2:30  Marine  
  22  2:33  Marine  
  24  2:42  Marine  
  25  2:49  SCV  
  26  2:52  Marine  
  26  2:56  Marine, SCV  
  29  3:00  Marine  
  29  3:01  SCV, Supply Depot  
  31  3:08  SCV  
  31  3:10  Marine  
  33  3:13  SCV  
  33  3:14  Marine  
  33  3:18  Marine  
  36  3:20  SCV  
  36  3:26  SCV  
  38  3:28  Marine  
  38  3:30  Supply Depot  
  38  3:32  SCV  
  40  3:38  Marine x2, SCV  
  43  3:44  SCV  
  44  3:50  SCV  
  44  3:53  Bunker  
  45  3:55  Bunker  
  45  3:56  Command Center  
  45  4:00  Barracks Tech Lab  
  45  4:02  Marine x2  
  47  4:06  Supply Depot  
  45  4:18  Marine  
  45  4:20  Marine  
  45  4:21  Stimpack  
  47  4:24  Factory  
  47  4:29  Marine  
  48  4:31  SCV x2  
  48  4:36  Marine  
  51  4:47  Engineering Bay  
  51  4:51  Marine, Supply Depot  
  52  4:53  Barracks Tech Lab  
  52  4:54  Barracks Reactor  
  52  4:55  Marauder  
  54  5:09  Marine  
  54  5:10  Factory Tech Lab  
  55  5:16  Marauder  
  52  5:23  Orbital Command  
  52  5:26  Marine  
  53  5:30  Marine  
  53  5:34  Refinery  
  54  5:36  Refinery  
  54  5:37  Marine  
  54  5:41  Marine  
  50  5:51  SCV  
  50  5:52  Marine x2, SCV x2  
  53  5:59  Starport  
  53  6:03  SCV  
  54  6:04  SCV x2  
  54  6:10  Marine  
  57  6:14  Barracks Reactor  
  57  6:15  SCV  
  57  6:18  Liberator  
  57  6:28  SCV  
  57  6:29  SCV x2  
  58  6:37  Marine x2  
  63  6:42  SCV  
  63  6:43  SCV  
  63  6:44  Terran Infantry Weapons Level 1  
  64  7:00  Missile Turret  
  62  7:02  Missile Turret x2  
  60  7:09  SCV x2  
  60  7:13  Marine x2  
  61  7:21  Starport Reactor  
  61  7:30  Marine x4  
  61  7:33  SCV  
  57  7:49  Marine x3  
  47  8:02  Marine  
  47  8:03  Marine  
  47  8:06  Marine x2  
  47  8:07  Marine  
  47  8:19  Marine  
  44  8:21  Marine  
  37  8:40  Marine  
  38  8:45  SCV  
  29  8:57  SCV  
  28  9:06  SCV  
  27  9:18  SCV  
  28  9:24  Marine  
  28  9:25  Marine x2  
  28  9:29  SCV  
  28  9:30  SCV x2  
  34  9:40  Medivac  
  34  9:42  Marine x2  
  38  9:48  SCV x2  
  40  9:57  SCV  
  41  10:00  SCV  
  41  10:01  SCV  
  41  10:05  Marine x2  
  45  10:09  SCV  
  45  10:12  SCV  
  45  10:13  SCV  
  48  10:21  SCV  
  48  10:24  SCV  
  48  10:25  SCV  
  48  10:27  Marine x4  
  48  10:28  Marauder  
  57  10:33  SCV  
  49  10:50  Marine x2  
  50  11:27  Marine x3  
  50  11:28  Marine  
  50  11:31  SCV  
  55  11:33  Medivac  
  55  11:34  Medivac  
  55  11:36  Refinery  
  55  11:38  Marine  
  63  11:40  Siege Tank  
  63  11:45  Marine  
  64  11:48  SCV x2  
  66  12:00  SCV  
  59  12:17  Marine  
  59  12:18  Marine x3  
  59  12:19  Marauder  
  65  12:35  Marine x2  
  67  12:40  Marauder  
  65  13:02  Orbital Command  
  63  13:25  SCV x2  
  65  13:37  SCV x2  
  67  13:45  Marine x5  
  72  13:50  Barracks x2  
  72  13:52  Barracks  
  72  14:03  Marine x2  
  72  14:04  Marauder  
  66  14:16  Marine x2  
  67  14:21  Marine  
  63  14:25  Marauder  
  65  14:31  Marine  
  65  14:34  Marine x2  
  65  14:36  SCV  
  69  14:38  Marine  
  69  14:45  Marine x2  
  70  14:47  Marauder  
  70  14:48  SCV x2  
Show
View Real Time Build Order
Export as new Build Order

Fropez Protoss 

Build Orders: Phoenix Opening 

Get SALT Encoding   

  12  0:01  Probe (Chrono Boost)  
  13  0:19  Pylon  
  13  0:20  Probe (Chrono Boost)  
  14  0:31  Probe (Chrono Boost)  
  14  0:34  Assimilator  
  15  0:42  Gateway  
  15  0:52  Probe (Chrono Boost)  
  16  1:03  Probe (Chrono Boost)  
  17  1:06  Gateway  
  17  1:14  Probe (Chrono Boost)  
  17  1:16  Pylon  
  18  1:41  Probe (Chrono Boost)  
  19  1:48  Cybernetics Core  
  19  1:51  Probe (Chrono Boost)  
  20  1:56  Assimilator  
  20  2:00  Pylon  
  20  2:02  Probe (Chrono Boost)  
  21  2:17  Probe (Chrono Boost)  
  21  2:20  Pylon  
  22  2:24  Warp Gate (Chrono Boost)  
  22  2:28  Probe (Chrono Boost)  
  23  2:30  Stargate  
  23  2:35  Adept  
  25  2:40  Adept  
  27  2:50  Probe  
  28  2:56  Gateway  
  29  3:05  Mothership Core  
  28  3:13  Phoenix  
  30  3:26  Probe  
  31  3:38  Probe  
  32  3:42  Phoenix (Chrono Boost)  
  32  3:43  Gateway  
  34  3:51  Probe  
  34  3:54  Pylon  
  35  4:05  Phoenix (Chrono Boost)  
  35  4:08  Protoss Air Weapons Level 1  
  33  4:27  Gateway  
  33  4:45  Nexus  
  33  4:58  Phoenix (Chrono Boost)  
  35  5:11  Pylon  
  35  5:14  Pylon  
  35  5:28  Adept x4  
  43  5:51  Adept x2  
  43  5:52  Adept x2  
  45  5:58  Probe  
  45  5:59  Probe  
  47  6:08  Phoenix (Chrono Boost)  
  47  6:09  Probe  
  50  6:37  Adept x3  
  50  6:38  Adept  
  60  6:40  Phoenix (Chrono Boost)  
  60  6:51  Robotics Facility  
  58  7:23  Adept x5  
  68  7:54  Adept x3  
  68  7:55  Adept x2  
  74  7:58  Immortal (Chrono Boost)  
  74  8:00  Sentry x2  
  64  8:23  Stalker x4  
  70  8:36  Pylon  
  70  8:42  Pylon  
  62  9:08  Stalker x3  
  62  9:09  Stalker x2  
  70  9:27  Pylon  
  70  9:35  Pylon  
  70  9:56  Stalker x2  
  70  9:57  Stalker x2  
  78  10:11  Probe  
  79  10:24  Pylon, Probe  
  80  10:58  Stalker x3  
  75  11:08  Zealot  
  57  13:33  Probe  
  58  13:45  Probe  
  46  14:49  Nexus  
Tags
 
Add a new tag
Caveats
  • Supply blocks, unpowered buildings, or Contaminate may cause inaccurate times.
  • Supply counts are checked every 10 seconds.